 Dungeon Crawl Stone Soup version 0.15.2 (webtiles) character file.

149 Heini the Skirmisher (level 5, -11/48 HPs)
             Began as a Minotaur Fighter on Feb 2, 2015.
             Killed by divine providence
             ... invoked by an orc priest
              (15 damage)
             ... on Level 3 of the Dungeon.
             The game lasted 00:03:57 (1725 turns).

Heini the Skirmisher (Minotaur Fighter)             Turns: 1725, Time: 00:03:57

HP -11/48        AC  8     Str 22      XL: 5   Next:  9%
MP   0/2         EV  6     Int  5      God:
Gold 129         SH  9     Dex  9      Spells:  0 memorised,  4 levels left

rFire  . . .     SeeInvis .     a - +0 flail
rCold  . . .     Clarity  .     b - +0 scale mail
rNeg   . . .     rCorr    .     c - +0 shield
rPois  .         rRot     .     (helmet restricted)
rElec  .         Spirit   +     (no cloak)
SustAb .         Warding  .     m - +0 pair of gloves
rMut   .         Stasis   .     (no boots)
Gourm  .                        h - amulet of guardian spirit
MR     .....                    (no ring)
                                (no ring)

@: slowed, very slow, not resistant to hostile enchantments, extremely
unstealthy
A: retaliatory headbutt, horns 2
a: no special abilities


You were on level 3 of the Dungeon.
You were not hungry.

You visited 1 branch of the dungeon, and saw 3 of its levels.

You collected 129 gold pieces.

Inventory:

Hand weapons
 a - a +0 flail (weapon)
Armour
 b - a +0 scale mail (worn)
 c - a +0 shield (worn)
 m - a +0 pair of gloves (worn)
Comestibles
 d - 2 bread rations
 j - a chunk of quokka flesh
Scrolls
 f - a scroll of remove curse
 i - 2 scrolls of amnesia {unknown}
 l - a scroll of identify
 p - a scroll of random uselessness {unknown}
Jewellery
 h - an amulet of guardian spirit (around neck)
 n - an uncursed ring of sustain abilities {unknown}
Potions
 e - 2 potions of might
 g - 2 potions of flight
 k - a potion of heal wounds
 o - a potion of brilliance
 q - a potion of confusion {unknown}


   Skills:
 * Level 5.1 Fighting
 * Level 4.1 Maces & Flails
 * Level 5.0 Armour
 - Level 3.6 Shields


You had 4 spell levels left.
You didn't know any spells.

Dungeon Overview and Level Annotations

Branches:
Dungeon (3/15)

Altars:
Kikubaaqudgha
Makhleb
Beogh


Innate Abilities, Weirdness & Mutations

You reflexively headbutt those who attack you in melee.
You have a pair of horns on your head.


Message History

The orc wizard casts a spell at you. The magic dart hits you!
You thump the orc wizard!
The orc wizard is severely wounded.
You block the orc wizard's attack.
The orc priest calls down the wrath of Beogh upon you.
Something smites you!
The orc wizard points at you and mumbles some strange words.
You feel yourself slow down.
You closely miss the orc wizard.
The orc wizard is severely wounded.
You block the orc wizard's attack.
The orc priest mumbles some strange prayers to Beogh against you.
Something smites you!
* * * LOW HITPOINT WARNING * * *
The orc wizard gestures wildly while chanting.
The orc wizard blinks!
The orc priest invokes the aid of Beogh against you.
Something smites you!
You die...

#######.#
##._$##.#
#.8$8.#.#
#$$$..#.#
$8.8.#.#
ooo##.#
#o##..#
#ยง#..##
#@#.##
#.#.#
#.#.#
#.#.#
#.#.#
#.#)#
#.#.#
#.#.#
#.#.#


You could see an orc priest, an orc wizard and 2 orcs.

Vanquished Creatures
  The ghost of Heini the Covered, an average MiFi (D:3)
  A giant mite (D:2)
  A worm (D:2)
  2 giant geckos
  An ooze (D:2)
  An orc (D:3)
  2 ball pythons
  7 bats
  6 goblins
  3 hobgoblins
  2 jackals (D:1)
  2 giant cockroaches
  4 giant newts
  9 kobolds
  A quokka (D:3)
  6 rats
49 creatures vanquished.

Notes
Turn   | Place    | Note
--------------------------------------------------------------
     0 | D:1      | Heini, the Minotaur Fighter, began the quest for the Orb.
     0 | D:1      | Reached XP level 1. HP: 19/19 MP: 1/1
   154 | D:1      | Reached skill level 4 in Fighting
   166 | D:1      | Reached XP level 2. HP: 20/27 MP: 1/1
   933 | D:2      | Found a burning altar of Makhleb.
  1021 | D:2      | Reached XP level 3. HP: 34/34 MP: 2/2
  1148 | D:2      | Found an ancient bone altar of Kikubaaqudgha.
  1583 | D:3      | Noticed Heini's ghost (average MiFi)
  1600 | D:3      | Killed Heini's ghost
  1600 | D:3      | Reached skill level 5 in Fighting
  1600 | D:3      | Reached XP level 4. HP: 39/42 MP: 2/2
  1600 | D:3      | Reached XP level 5. HP: 44/48 MP: 2/2
  1610 | D:3      | Reached skill level 5 in Armour
  1716 | D:3      | Found a roughly hewn altar of Beogh.
  1725 | D:3      | Killed from afar by an orc priest

Action                   |  1- 3 |  4- 6 || total
-------------------------+-------+-------++-------
Melee: Flail             |   122 |     6 ||   128
  Use: Scroll            |     7 |       ||     7
  Eat: Chunk             |     2 |     1 ||     3
